 Dungeon Crawl Stone Soup version 0.29.0-11-gd7f09526c8 (webtiles) character file.

Game seed: 8062017866847429469

71 ImASeal the Sneak (level 4, -2/29 HPs)
             Began as an Octopode Brigand on Sept 5, 2022.
             Slain by an adder (3 damage)
             ... on level 2 of the Dungeon.
             The game lasted 00:03:49 (2149 turns).

ImASeal the Sneak (Octopode Brigand)                Turns: 2149, Time: 00:03:50

Health: -2/29      AC:  1    Str: 10    XL:     4   Next: 24%
Magic:  4/4        EV: 12    Int: 13    God:
Gold:   50         SH:  0    Dex: 15    Spells: 3/3 levels left

rFire   . . .      SeeInvis .   a - +2 dagger
rCold   . . .      Faith    .   (no shield)
rNeg    . . .      Spirit   .   (helmet restricted)
rPois   .          Reflect  .   (no amulet)
rElec   .          Harm     .   (no ring)
rCorr   .          Rampage  .   (no ring)
Will    .....                   (no ring)
Stlth   +++++.....              (no ring)
HPRegen 0.09/turn               (no ring)
MPRegen 0.09/turn               (no ring)
                                (no ring)
                                (no ring)

@: flying
A: almost no armour, amphibious, 8 rings, camouflage 1, gelatinous body 1,
(nimble swimmer 1), tentacles
a: no special abilities


You were on level 2 of the Dungeon.
You visited 1 branch of the dungeon, and saw 3 of its levels.

You collected 50 gold pieces.

Inventory:

Hand Weapons
 a - a +2 dagger (weapon)
Missiles
 b - 9 poisoned darts (quivered)
 c - 3 curare-tipped darts
 e - 14 stones
Scrolls
 d - 5 scrolls of identify {unknown}
 g - a scroll of noise {unknown}
 j - a scroll of vulnerability {unknown}
 k - a scroll of blinking {unknown}
Potions
 f - a potion of curing {unknown}
 h - a potion of ambrosia {unknown}
 i - a potion of flight


   Skills:
 - Level 2.0 Fighting
 - Level 2.0 Short Blades
 - Level 2.0 Throwing
 - Level 1.0 Dodging
 + Level 7.8 Stealth


You had 3 spell levels left.
You didn't know any spells.
Your spell library was empty.

Dungeon Overview and Level Annotations

Branches:
Dungeon (3/15)

Altars:


Innate Abilities, Weirdness & Mutations

You cannot wear most types of armour.
You are amphibious.
You can wear up to eight rings at the same time.
Your skin changes colour to match your surroundings (Stealth+).
Your rubbery body absorbs attacks. (AC +1, EV +1)
((You are camouflaged when in or above water. (Stealth+)))
You have tentacles for arms and can constrict up to eight enemies at once.


Message History

You barely miss the goblin.
The adder hisses angrily.
You grab the goblin. Your squeeze misses the goblin.
You constrict the goblin, but do no damage.
A kobold comes into view. It is wielding a +0 whip.
The goblin hits you with a +0 club.
You hit the goblin but do no damage. You constrict the goblin.
The goblin hits you with a +0 club.
You hit the goblin.
You kill the goblin!
The kobold throws a stone.
The stone hits you.
Found 16 gold pieces.
The adder bites you.
The kobold throws a stone.
The stone hits you. The adder misses you.
You see here a +0 club.
You barely miss the adder. You grab the adder.
You constrict the adder, but do no damage.
The kobold throws a stone.
The stone hits you. The adder bites you.
You are poisoned.
The adder poisons you!
You are too injured to fight recklessly!
You are too injured to fight recklessly!
You release your grip on the adder.
You feel sick.
The kobold throws a stone.
The stone barely misses you. The adder attacks as you move away!
The adder bites you.
* * * LOW HITPOINT WARNING * * *
You feel sick.
You feel sick. The adder bites you.
* * * LOW HITPOINT WARNING * * *
There is a stone staircase leading up here.
* * * LOW HITPOINT WARNING * * *
You feel sick. The adder barely misses you.
You climb upwards.
* * * LOW HITPOINT WARNING * * *
You feel sick.
You are no longer poisoned.
There is a stone staircase leading down here.
It was a potion of flight.
You feel very buoyant.
You fly up into the air.
The adder bites you.
You die...

#................# #.#
#.#.##..##...†...# ####.####
#.#..#..##..###..# #.......#
#.##.#..#...# #..# #.##.##.#
#.##.#..#.#.###.## #.##.##.#
#.......#.......# #....##.#
#####.#.......##.#####..####.####
# #.####..............###...... #
#.........#.@###.........####
########.#.##...S###..#.###.#...#
......##.#.##...........#<.......
#####.##.#...)...###..###.#.#...#
#####.##.#.##.........# #.#.#####
...##.##.#............# #.#......
##.##)##.......##########.#######
##......#####...# ##..######
.>....#.# #...# ###.#......#


You could see an adder.

Vanquished Creatures
  3 adders (D:2)
  A worm (D:2)
  6 ball pythons
  5 endoplasms
  3 goblins
  2 hobgoblins
  2 jackals (D:2)
  3 kobolds (D:1)
  3 quokkas
  6 bats
  A frilled lizard (D:1)
  3 rats
38 creatures vanquished.

Vanquished Creatures (others)
  5 plants (D:1)
  A withered plant (D:1)
6 creatures vanquished.

Grand Total: 44 creatures vanquished

Notes
Turn   | Place    | Note
-------+----------+-------------------------------------------
     0 | D:1      | ImASeal the Octopode Brigand began the quest for the Orb.
     0 | D:1      | Reached XP level 1. HP: 14/14 MP: 1/1
   537 | D:1      | Reached XP level 2. HP: 19/19 MP: 2/2
   542 | D:1      | Found a faded altar of an unknown god.
   586 | D:1      | Reached skill level 6 in Stealth
  1413 | D:2      | Reached XP level 3. HP: 12/24 MP: 3/3
  1614 | D:2      | Reached skill level 7 in Stealth
  1859 | D:2      | Reached XP level 4. HP: 27/29 MP: 4/4
  2148 | D:2      | HP: 1/29 [poisoned by an adder]
  2149 | D:2      | Slain by an adder

Illustrated notes

Levels and vault maps discovered:
D:1:      roderic_crop_circles_arrival_small, layout_basic,
          ebering_ecumenical_altar_petrified
D:2:      layout_loops_cross, moated_statue
D:3:      layout_rooms, mainiacjoe_overflow_24_doors

Skill      XL: |  1  2  3 |
---------------+----------+-----
Stealth        | 6 7 |  7.8
Fighting       | |  2.0
Short Blades   | |  2.0
Throwing       | |  2.0
Dodging        | |  1.0

Action                   |  1- 3 |  4- 6 || total
-------------------------+-------+-------++-------
Melee: Dagger            |    59 |    18 ||    77
       Constrict         |    11 |     2 ||    13
       Tentacles         |     9 |     1 ||    10
  Use: Potion            |       |     1 ||     1
 Stab: Sleeping          |    12 |     6 ||    18
Armor: Skin              |     5 |     2 ||     7
Dodge: Dodged            |    21 |    12 ||    33
